 Dungeon Crawl Stone Soup version 0.28.0-47-ge53b351184 (webtiles) character file.

Game seed: 4306669204819560853

141 101zpm the Covered (level 5, -5/33 HPs)
             Began as a Gargoyle Fighter on Apr 27, 2022.
             Killed by divine providence
             ... invoked by an orc priest
              (12 damage)
             ... on level 3 of the Dungeon.
             The game lasted 00:04:02 (3973 turns).

101zpm the Covered (Gargoyle Fighter)               Turns: 3973, Time: 00:04:02

Health: -5/33      AC: 11    Str: 22    XL:     5   Next: 24%
Magic:  5/5        EV:  6    Int:  8    God:
Gold:   102        SH:  0    Dex:  9    Spells: 4/4 levels left

rFire   . . .      SeeInvis .   a - +0 flail
rCold   . . .      Faith    .   p - +0 tower shield
rNeg    + . .      Spirit   .   b - +0 scale mail
rPois   ∞          Reflect  .   (no helmet)
rElec   +          Harm     .   (no cloak)
rCorr   .          Rampage  .   (no gloves)
Will    .....                   (no boots)
Stlth   ..........              (no amulet)
HPRegen 0.11/turn               (no ring)
MPRegen 0.09/turn               (no ring)

@: confused
A: sickness immunity, AC +4, negative energy resistance 1, electricity
resistance, torment resistance 1, petrification resistance
a: no special abilities


You were on level 3 of the Dungeon.
You visited 1 branch of the dungeon, and saw 4 of its levels.

You collected 102 gold pieces.

Inventory:

Hand Weapons
 a - a +0 flail (weapon)
Missiles
 j - 4 boomerangs of dispersal (quivered)
Armour
 b - a +0 scale mail (worn)
 c - a +0 buckler
 p - a +0 tower shield (worn)
Jewellery
 m - an amulet of the acrobat
Scrolls
 e - a scroll of silence {unknown}
 f - a scroll of magic mapping {unknown}
 g - a scroll of fog {unknown}
 h - 2 scrolls of noise {unknown}
 i - 2 scrolls of teleportation {unknown}
 k - a scroll of fear {unknown}
 l - 2 scrolls of identify {unknown}
 u - a scroll of enchant armour {unknown}
Potions
 d - a potion of might
 n - a potion of haste {unknown}
 o - 2 potions of heal wounds {unknown}
 q - 3 potions of brilliance {unknown}
 r - a potion of magic {unknown}
 s - a potion of degeneration {unknown}
 t - a potion of resistance {unknown}
 v - a potion of curing {unknown}


   Skills:
 + Level 3.7 Fighting
 + Level 3.8 Maces & Flails
 + Level 4.4 Armour
 + Level 0.3 Dodging
 + Level 3.6 Shields


You had 4 spell levels left.
You didn't know any spells.
Your spell library contained the following spells:

 Spells                   Type           Power      Damage    Failure   Level
 Corpse Rot               Necr/Air       0%         N/A       100%        2
 Dispel Undead            Necr           0%         3d6       100%        4
 Death Channel            Necr           0%         N/A       100%        6


Dungeon Overview and Level Annotations

Branches:
Dungeon (4/15)
 Temple: D:4-7

Altars:


Innate Abilities, Weirdness & Mutations

You are immune to sickness and miasma.
Your stone body is resilient. (AC +4)
You are immune to poison.
You resist negative energy. (rN+)
You are resistant to electric shocks. (rElec)
You are resistant to unholy torment.
You are immune to petrification.


Message History

The orc priest shouts!
The orc wizard gestures at you while chanting.
You are confused.
There is a stone staircase leading up here.
In your confused state, you trip and fall back down the stairs.
An orc comes into view. It is wielding a +0 whip.
The orc priest mumbles some strange prayers to Beogh against you.
Beogh smites you!
The orc wizard hits you but does no damage.
The orc shouts!
Unknown command.
The orc wizard mumbles some strange words.
The orc wizard flickers and vanishes!
Deactivating autopickup; reactivate with Ctrl-A.
In your confused state, you trip and fall back down the stairs.
The orc priest hits you but does no damage.
You hear some strange, mumbled words.
You are more confused.
The orc priest looks encouraged for a moment.
Something hits you.
You climb upwards.
Reactivating autopickup.
There is a stone staircase leading down here.
You're too confused to move!
The orc priest hits you but does no damage.
Something hits you but does no damage.
Deactivating autopickup; reactivate with Ctrl-A.
You bump into the rock wall.
The orc priest hits you but does no damage.
You hear some strange, mumbled words.
A puff of flame appears from out of thin air!
The puff of flame hits you!
* * * LOW HITPOINT WARNING * * *
You bump into the rock wall.
The orc priest hits you but does no damage.
Something hits you but does no damage.
You bump into the rock wall.
The orc priest invokes the aid of Beogh against you.
Beogh smites you!
You die...

############### #...).........#
#.###########.###
#.###########...#
############.##.......####.####
#............)@{...............
#.##########.#o.......####.####
#.# #......#........# ##.###
#.# #.######........###....#
#.# #.# #.....[)........# #.#
#)######.........##....## #.#
#.##.....................
#.#####.##.....#######.########
#.#.....##.....# #.#


You could see an orc priest.

Vanquished Creatures
  4 gnolls (D:3)
  2 adders (D:2)
  A worm (D:2)
  A dart slug (D:1)
  An orc (D:3)
  5 bats
  12 endoplasms
  3 giant cockroaches (D:1)
  9 goblins
  7 hobgoblins
  9 jackals
  5 kobolds
  A quokka (D:1)
  4 ball pythons
  4 frilled lizards
  4 rats
72 creatures vanquished.

Vanquished Creatures (others)
  A fungus (D:2)
1 creature vanquished.

Grand Total: 73 creatures vanquished

Notes
Turn   | Place    | Note
-------+----------+-------------------------------------------
     0 | D:1      | 101zpm the Gargoyle Fighter began the quest for the Orb.
     0 | D:1      | Reached XP level 1. HP: 14/14 MP: 1/1
     3 | D:2      | Found a faded altar of an unknown god.
   265 | D:2      | Reached XP level 2. HP: 13/19 MP: 2/2
   847 | D:2      | Reached XP level 3. HP: 18/23 MP: 3/3
  1914 | D:1      | Reached skill level 4 in Armour
  2081 | D:1      | Reached XP level 4. HP: 27/28 MP: 4/4
  2830 | D:3      | Reached XP level 5. HP: 3/33 MP: 5/5
  3973 | D:3      | Killed from afar by an orc priest

Illustrated notes

Levels and vault maps discovered:
D:1:      dpeg_arrival_tiny_k, layout_rooms
D:2:      layout_basic, shapermc_ecumenical_altar_acropolis
D:3:      layout_basic
D:4:      layout_basic, serial_shops, nicolae_shop_waterfront,
          chequers_serial_rivers_small_3, uniq_edmund

Skill      XL: |  1  2  3  4 |
---------------+-------------+-----
Armour         | 4 |  4.4
Maces & Flails | 3 |  3.8
Fighting       | |  3.7
Dodging        | |  0.3
Shields        | |  3.6

Action                   |  1- 3 |  4- 6 || total
-------------------------+-------+-------++-------
Melee: Flail             |   104 |    99 ||   203
Armor: Scale mail        |    59 |    69 ||   128
Dodge: Dodged            |    43 |    37 ||    80
Block: Buckler           |    11 |     8 ||    19
       Tower shield      |       |    70 ||    70
